 Dungeon Crawl Stone Soup version 0.29.1-15-g9cfb28693d (webtiles) character file.

Game seed: 12588127297735954265

32 leafyfresh the Sneak (level 3, -6/26 HPs)
             Began as an Octopode Delver on Apr 19, 2023.
             Killed by divine providence
             ... invoked by an orc priest
              (11 damage)
             ... on level 5 of the Dungeon.
             The game lasted 00:00:15 (33 turns).

leafyfresh the Sneak (Octopode Delver)                Turns: 33, Time: 00:00:16

Health: -6/26      AC:  1    Str: 11    XL:     3   Next: 27%
Magic:  3/3        EV: 13    Int: 14    God:
Gold:   0          SH:  0    Dex: 13    Spells: 2/2 levels left

rFire   . . .      SeeInvis .   a - +0 short sword
rCold   . . .      Faith    .   (no shield)
rNeg    . . .      Spirit   .   (helmet restricted)
rPois   .          Reflect  .   (no amulet)
rElec   .          Harm     .   (no ring)
rCorr   .          Rampage  .   (no ring)
Will    .....                   (no ring)
Stlth   ++++......              (no ring)
HPRegen 0.08/turn               (no ring)
MPRegen 0.08/turn               (no ring)
                                (no ring)
                                (no ring)

@: no status effects
A: almost no armour, amphibious, 8 rings, camouflage 1, gelatinous body 1,
(nimble swimmer 1), tentacles
a: no special abilities


You were on level 5 of the Dungeon.
You visited 1 branch of the dungeon, and saw 1 of its levels.

Inventory:

Hand Weapons
 a - a +0 short sword (weapon)
Wands
 f - a wand of digging (3)
Scrolls
 b - a scroll of fog
 c - a scroll of magic mapping
 d - a scroll of fear
Potions
 e - a potion of haste


   Skills:
 + Level 3.4 Fighting
 - Level 2.0 Short Blades
 + Level 2.6 Dodging
 + Level 7.1 Stealth


You had 2 spell levels left.
You didn't know any spells.
Your spell library was empty.

Dungeon Overview and Level Annotations

Branches:
Dungeon (5/15)
 Temple: D:4-7

Altars:

Annotations:
D:5 Menkaure


Innate Abilities, Weirdness & Mutations

You cannot wear most types of armour.
You are amphibious.
You can wear up to eight rings at the same time.
Your skin changes colour to match your surroundings (Stealth+).
Your rubbery body absorbs attacks. (AC +1, EV +1)
((You are camouflaged when in or above water. (Stealth+)))
You have tentacles for arms and can constrict up to eight enemies at once.


Message History

You barely miss the orc priest. You grab the orc priest.
You constrict the orc priest. The orc priest barely misses you.
The orc shouts!
You hit the orc priest but do no damage.
The orc priest is lightly wounded.
You constrict the orc priest. The orc priest hits you with a +0 mace.
You hit the orc priest but do no damage.
You squeeze the orc priest.
The orc priest is heavily wounded.
You constrict the orc priest.
The orc priest begins to cast a cantrip, but forgets the words!
The orc priest hits you with a +0 mace.
You hit the orc priest but do no damage.
The orc priest is heavily wounded.
You constrict the orc priest. The orc priest hits you with a +0 mace.
* * * LOW HITPOINT WARNING * * *
You hit the orc priest.
You kill the orc priest!
The orc priest looks satisfied for a moment.
Your Stealth skill increases to level 7!
You have reached level 2!
You have reached level 3!
Your experience leads to an increase in your attributes!
Increase (S)trength, (I)ntelligence, or (D)exterity?
You feel clever. x2
You hit the orc priest but do no damage.
Your grab misses the orc priest. The orc priest completely misses you.
You completely miss the orc priest. You grab the orc priest.
You constrict the orc priest.
Menkaure, Prince of Dust comes into view.
The orc priest hits you with a +0 short sword.
* * * LOW HITPOINT WARNING * * *
You hit the orc priest.
The orc priest is heavily wounded.
You constrict the orc priest.
Menkaure gestures wildly while chanting.
Menkaure seems to speed up.
The orc priest mumbles some strange prayers to Beogh against you.
Beogh smites you!
You die...

... #....# .## ##...#.##
##..##. ##..###...
....... # ####...#...#
##....... #.#..........#
#...o.... #..>........#
#........
#.....#...#.###..o..o..
#..#....###.@##........
#..####.###..#oo..M.....
#.. ##.##..###.........
...# #.....## #.........
#### #......# #.........
#.....#.## #.........
##..#....# ......../.
#.....##.. .##.......
#..#### #... ......


You could see Menkaure (fast), an orc priest and an orc.

Vanquished Creatures
  An orc priest (D:5)
  2 orcs (D:5)
3 creatures vanquished.

Notes
Turn   | Place    | Note
-------+----------+-------------------------------------------
     0 | D:5      | leafyfresh the Octopode Delver began the quest for the Orb.
     0 | D:5      | Reached XP level 1. HP: 16/16 MP: 1/1
    13 | D:5      | Noticed an orc priest
    14 | D:5      | Noticed an orc priest
    29 | D:5      | Killed an orc priest
    30 | D:5      | Reached skill level 7 in Stealth
    30 | D:5      | Reached XP level 2. HP: 5/21 MP: 2/2
    30 | D:5      | Reached XP level 3. HP: 7/26 MP: 3/3
    32 | D:5      | Noticed Menkaure
    33 | D:5      | Killed from afar by an orc priest

Illustrated notes

Levels and vault maps discovered:
D:5:      layout_layer_cave, mainiacjoe_overflow_surrounded_room,
          minmay_temple_entry_crystal_x, uniq_menkaure

Skill      XL: |  1 |
---------------+----+-----
Stealth        | 7 |  7.1
Fighting       | |  3.4
Short Blades   | |  2.0
Dodging        | |  2.6

Action                   || total
-------------------------++-------
Melee: Short sword       ||    14
       Tentacles         ||     4
       Constrict         ||     4
Dodge: Dodged            ||     5
